Map: Dash and Terminal LE (Void)

Players

Pure - Winner!

  • Race: Protoss Protoss
  • League: Diamond

EndOfLine

  • Race: Zerg Zerg
  • League: Master

Event: ASL Season 5 Prime League LOTV Beta

VOD

Have the link to the VOD?

Description

Time

  • Played on: Sept. 1, 2015, 11:35 p.m.
  • Length: 15:40

All games in this series

Show
View Real Time Build Order
Export as new Build Order

Pure Protoss - Winner!

Build Orders: 1 Gate Expand 

Get SALT Encoding   

  12  0:00  Probe  
  13  0:12  Probe  
  14  0:18  Pylon  
  14  0:25  Probe  
  15  0:37  Probe  
  15  0:40  Gateway  
  16  0:46  Assimilator  
  16  0:49  Probe  
  17  1:01  Probe  
  18  1:13  Probe  
  19  1:25  Probe  
  20  1:30  Nexus  
  20  1:38  Probe  
  21  1:48  Cybernetics Core  
  21  1:51  Probe  
  22  1:58  Pylon  
  22  2:05  Probe  
  23  2:13  Warp Gate  
  25  2:23  Probe  
  24  2:30  Adept  
  24  2:35  Mothership Core  
  28  2:45  Gateway  
  28  2:47  Probe, Forge  
  29  2:56  Probe  
  29  2:59  Probe  
  29  3:00  Pylon  
  30  3:09  Probe, Adept  
  30  3:10  Pylon  
  33  3:15  Pylon  
  32  3:23  Probe x2  
  34  3:30  Assimilator  
  34  3:33  Twilight Council  
  34  3:35  Probe x2  
  34  3:38  Pylon  
  36  3:47  Probe x2  
  38  3:56  Gateway  
  38  3:57  Protoss Ground Weapons Level 1  
  38  3:59  Probe x2  
  40  4:06  Assimilator  
  40  4:11  Probe x2  
  38  4:23  Probe  
  38  4:24  Probe  
  40  4:32  Adept x2  
  40  4:36  Probe x2, Pylon  
  46  4:52  Gateway  
  46  4:54  Pylon  
  46  4:57  Sentry  
  46  4:59  Adept  
  50  5:00  Probe x2  
  52  5:08  Shield Upgrade  
  52  5:12  Probe x2  
  52  5:13  Templar Archives  
  54  5:18  Adept  
  54  5:20  Adept  
  54  5:21  Adept  
  60  5:24  Probe x2  
  62  5:29  Robotics Facility  
  62  5:30  Pylon  
  62  5:41  Nexus  
  62  5:43  Pylon  
  62  5:44  Sentry, Assimilator  
  62  5:47  Adept  
  62  5:48  Adept  
  68  6:01  Probe x2  
  70  6:04  Photon Cannon  
  70  6:05  Pylon  
  70  6:06  Gateway  
  70  6:14  Stalker  
  73  6:21  Probe x2  
  73  6:23  Warp Prism  
  76  6:29  Psionic Storm  
  76  6:37  Gateway  
  76  6:39  Probe x2  
  78  6:45  Adept x2  
  82  6:50  High Templar  
  82  6:51  Probe x2  
  86  6:56  Probe  
  87  7:03  Probe  
  87  7:06  Immortal  
  92  7:10  High Templar  
  92  7:12  Adept  
  92  7:13  Adept, Protoss Ground Weapons Level 2  
  92  7:14  Adept  
  100  7:17  Probe x2  
  100  7:21  Assimilator  
  100  7:22  Assimilator  
  102  7:26  Pylon  
  102  7:27  Pylon  
  102  7:30  Pylon  
  100  7:39  Zealot x2  
  100  7:40  Zealot x2  
  87  7:55  Adept  
  81  8:01  Adept x3  
  83  8:08  Probe x3  
  83  8:12  Archon  
  82  8:17  Adept x2  
  82  8:18  Adept  
  86  8:24  Adept x3  
  84  8:31  Pylon  
  82  8:39  Immortal, Adept  
  82  8:40  Adept x2  
  92  8:44  High Templar x3  
  98  8:59  Gateway  
  98  9:00  Sentry  
  98  9:01  High Templar  
  102  9:03  Adept  
  102  9:04  Gateway  
  104  9:10  Pylon  
  104  9:18  Charge, Photon Cannon  
  104  9:20  Zealot x3  
  104  9:21  Photon Cannon  
  110  9:25  Nexus  
  110  9:28  Pylon  
  110  9:36  Stargate  
  110  9:39  Stargate  
  110  9:42  Stalker x2  
  114  9:46  High Templar  
  114  9:47  Zealot x3  
  122  10:06  Zealot x2  
  114  10:07  Zealot x3  
  101  10:30  Zealot x5  
  101  10:32  Zealot x3  
  113  10:51  Adept  
  113  10:53  Nexus  
  113  10:56  Pylon  
  115  10:57  Pylon  
  115  10:58  Pylon  
  111  11:05  High Templar x3  
  111  11:09  Pylon, Archon  
  117  11:14  Pylon, High Templar x4  
  117  11:16  Zealot  
  117  11:17  Archon  
  117  11:18  Archon  
  127  11:26  Observer  
  128  11:42  Zealot x4  
  136  11:47  Zealot x4  
  136  11:50  Warp Prism  
  140  12:02  Pylon  
  140  12:07  Zealot x7  
  152  12:09  Zealot  
  134  12:43  Zealot x5  
  134  12:44  Zealot x3  
  142  13:05  Robotics Facility  
  142  13:14  Stargate  
  139  13:29  Zealot x5  
  139  13:30  Zealot x2  
  147  13:45  Probe x2  
  141  14:00  Zealot x3  
  141  14:01  Zealot x2, High Templar  
  126  14:17  Observer, Void Ray  
  126  14:20  Probe x3  
  133  14:26  Cybernetics Core  
  133  14:28  High Templar x5  
  141  14:42  Pylon  
  141  14:45  Warp Prism  
  141  14:48  Probe x2  
  141  14:49  Probe  
  146  14:53  High Templar  
  148  15:00  Probe x2  
  148  15:01  Probe  
  151  15:12  Probe  
  151  15:13  Probe x2  
Show
View Real Time Build Order
Export as new Build Order

EndOfLine Zerg 

Build Orders: Hatch First, Lurkers 

Get SALT Encoding   

  12  0:01  Drone  
  13  0:08  Drone  
  14  0:19  Overlord  
  14  0:22  Extractor  
  14  0:23  Drone  
  14  0:27  Extractor  
  13  0:29  Drone  
  16  0:39  Drone  
  17  0:55  Hatchery  
  16  0:57  Drone  
  16  0:59  Drone  
  18  1:12  Extractor  
  18  1:15  Spawning Pool  
  18  1:18  Drone  
  17  1:21  Drone  
  18  1:28  Drone  
  19  1:44  Drone  
  20  2:02  Queen  
  20  2:07  Queen  
  24  2:08  Zergling x4  
  24  2:09  Zergling x2  
  27  2:22  Hatchery  
  27  2:24  Metabolic Boost  
  27  2:29  Overlord  
  26  2:33  Drone  
  27  2:37  Drone  
  28  2:51  Drone x4  
  31  2:53  Drone  
  33  3:08  Overlord  
  33  3:09  Drone  
  33  3:10  Drone x2  
  35  3:13  Drone  
  35  3:20  Drone  
  35  3:29  Drone x4  
  35  3:30  Drone  
  40  3:37  Evolution Chamber  
  40  3:38  Queen  
  40  3:39  Evolution Chamber, Extractor  
  39  3:42  Zergling x2  
  39  3:43  Zergling x2  
  42  3:48  Drone x2  
  42  3:51  Overlord  
  42  3:55  Spore Crawler  
  42  3:56  Spore Crawler  
  42  4:01  Zergling x2  
  42  4:04  Zergling x6  
  42  4:08  Zergling x4  
  47  4:15  Zergling x4  
  47  4:19  Drone  
  47  4:20  Drone  
  47  4:24  Zerg Melee Weapons Level 1  
  49  4:30  Drone x3  
  49  4:31  Drone  
  53  4:33  Drone  
  54  4:41  Lair  
  54  4:51  Drone  
  54  4:52  Drone x4, Overlord  
  55  5:04  Zergling x4  
  55  5:05  Overlord x2  
  57  5:09  Roach Warren  
  57  5:11  Zerg Ground Armor Level 1  
  56  5:26  Zergling x2  
  56  5:27  Zergling x20  
  67  5:33  Drone x3  
  70  5:43  Hydralisk Den  
  70  5:46  Extractor  
  68  5:57  Drone x3  
  70  5:58  Drone x3, Extractor  
  70  6:00  Drone x4  
  70  6:01  Drone, Zergling x2  
  79  6:05  Overlord  
  79  6:13  Overlord  
  79  6:15  Hydralisk, Muscular Augments  
  79  6:16  Overlord  
  81  6:19  Overlord  
  81  6:24  Hydralisk x4  
  89  6:30  Overlord x2  
  89  6:32  Drone  
  90  6:37  Hydralisk x3  
  96  6:46  Hydralisk x3  
  102  6:47  Zergling x2  
  102  6:52  Overlord  
  103  6:57  Hydralisk x3  
  103  6:59  Drone  
  103  7:01  Drone x2  
  111  7:04  Drone x2  
  113  7:13  Drone x3  
  116  7:15  Extractor x2  
  116  7:21  Pneumatized Carapace  
  114  7:23  Hydralisk x4  
  114  7:25  Zergling x6  
  114  7:28  Zergling x4  
  123  7:38  Zergling x2  
  123  7:39  Zergling x4  
  102  7:52  Zergling x2  
  90  8:05  Zergling x2  
  90  8:06  Zergling x20  
  95  8:13  Zergling x2  
  95  8:15  Zergling x4  
  95  8:17  Zerg Ground Armor Level 2  
  95  8:18  Zerg Melee Weapons Level 2  
  94  8:24  Zergling x2  
  92  8:27  Zergling x4  
  92  8:32  Drone x3  
  97  8:38  Hatchery  
  96  8:42  Lurker Den  
  96  8:47  Drone x4  
  98  8:49  Zergling x2  
  98  8:50  Spire, Zergling x4  
  100  8:58  Drone x2  
  100  8:59  Drone x2  
  104  9:11  Hydralisk  
  104  9:12  Hydralisk x5  
  116  9:21  Hatchery  
  110  9:31  Drone x2  
  110  9:32  Drone  
  110  9:36  Spore Crawler  
  110  9:38  Hydralisk x7  
  112  9:39  Spore Crawler  
  112  9:43  Zergling x2  
  126  9:47  Overlord  
  126  9:55  Hydralisk x3  
  126  9:56  Hydralisk x2  
  135  10:09  Hydralisk x5  
  137  10:25  Mutalisk  
  137  10:26  Mutalisk x3  
  130  10:32  Hydralisk  
  130  10:33  Hydralisk x4  
  134  10:40  Drone  
  134  10:41  Drone x7  
  142  10:52  Lurker x3  
  142  10:56  Zergling x2  
  149  10:57  Zergling x8  
  150  11:13  Overlord  
  150  11:14  Overlord x4, Glial Reconstitution  
  150  11:17  Zerg Missile Weapons Level 1  
  150  11:25  Overlord x2  
  150  11:29  Spore Crawler  
  149  11:40  Lurker x4  
  149  11:41  Lurker  
  149  11:42  Drone x7  
  149  11:43  Drone x4, Zergling x2  
  149  11:44  Zergling x10  
  171  11:47  Baneling Nest  
  171  11:49  Zergling x2  
  171  11:50  Zergling x6  
  163  11:57  Zergling x2  
  163  11:58  Zergling x6  
  149  12:08  Lurker x5  
  137  12:09  Lurker  
  137  12:12  Overseer  
  124  12:16  Zergling x2  
  124  12:17  Zergling x20  
  116  12:32  Zergling x12  
  76  13:01  Overlord x3  
  76  13:05  Baneling x4  
  76  13:06  Baneling x12  
  76  13:15  Roach x3  
  45  14:03  Zergling x16  
  37  14:15  Zergling x2  
Tags
 
Add a new tag
Caveats
  • Supply blocks, unpowered buildings, or Contaminate may cause inaccurate times.
  • Supply counts are checked every 10 seconds.